 Dungeon Crawl Stone Soup version 0.22-a0-443-g17c3723 (webtiles) character file.

394 4thArraOfDagon the Slasher (level 6, 9/56 HPs)
             Began as a Minotaur Monk on June 1, 2018.
             Quit the game on level 7 of the Dungeon.
             The game lasted 00:04:00 (741 turns).

4thArraOfDagon the Slasher (Minotaur Monk)           Turns: 741, Time: 00:04:01

Health: 9/56       AC: 10    Str: 15    XL:     6   Next: 52%
Magic:  5/5        EV:  5    Int:  9    God:
Gold:   100        SH:  9    Dex: 13    Spells: 5/5 levels left

rFire    . . .     SeeInvis +   a - +0 falchion
rCold    . . .     Gourm    .   d - +2 shield
rNeg     . . .     Faith    .   l - +0 chain mail
rPois    +         Spirit   .   (helmet restricted)
rElec    .         Reflect  .   i - +0 cloak
rCorr    .         Harm     .   (no gloves)
MR       .....                  (no boots)
Stlth    ..........             (no amulet)
HPRegen  0.18/turn              e - ring of poison resistance
MPRegen  0.09/turn              (no ring)

@: no status effects
A: retaliatory headbutt, horns 2, see invisible, deterioration 1, subdued magic
1
a: no special abilities


You were on level 7 of the Dungeon.
You were not hungry.

You visited 1 branch of the dungeon, and saw 8 of its levels.

You collected 100 gold pieces.

Inventory:

Hand Weapons
 a - a +0 falchion (weapon)
Armour
 d - a +2 shield (worn)
 g - a +0 ring mail
 i - a +0 cloak (worn)
 l - a +0 chain mail (worn)
Jewellery
 e - a ring of poison resistance (left hand)
Wands
 f - a wand of scattershot (7)
Scrolls
 b - 2 scrolls of remove curse
Comestibles
 c - 5 rations


   Skills:
 + Level 5.1 Fighting
 * Level 6.3 Long Blades
 + Level 3.3 Armour
 + Level 4.6 Dodging
 - Level 1.5 Stealth


You had 5 spell levels left.
You didn't know any spells.
Your spell library was empty.

Dungeon Overview and Level Annotations

Branches:
Dungeon (8/15)
 Temple: D:4-7         Lair: D:8-11

Altars:
Fedhas
Makhleb

Shops:
D:4 =

Annotations:
D:5 Dowan, Duvessa


Innate Abilities, Weirdness & Mutations

You reflexively headbutt those who attack you in melee.
You have a pair of horns on your head.
You have supernaturally acute eyesight. (SInv)
Your body sometimes deteriorates upon taking damage.
Your spells are a little easier to cast, but a little less powerful.


Message History

* * * LOW HITPOINT WARNING * * *
You block the gnoll's attack.
The gnoll sergeant hits you but does no damage.
You block the gnoll's attack.
There is a stone staircase leading down here.
Unknown command.
As you read the scroll labeled OWOSOS KAIRRO, it crumbles to dust.
It is a scroll of identify.
b - 2 scrolls of remove curse The gnoll sergeant hits you with a spear of freezing.
* * * LOW HITPOINT WARNING * * *
The gnoll sergeant freezes you.
* * * LOW HITPOINT WARNING * * *
The gnoll hits you but does no damage.
Unknown command.
Press: ? - help, v - describe, . - travel
Here: a gnoll sergeant, wielding a spear of freezing, wearing a scale mail and wearing a shield The floor.
Unknown command.
Are you sure you want to abandon this character and quit the game? (Confirm with "yes".)

#......gg..#
#.########.#
#.# #.# #.# #.#
#.# #.# #g#
#####g### #a#
#..†gg..# #g#
#g###.#.# #@#
##.###.#g# #g#
#...##.#.#
#F....#....#.#
#####...####.#
##.#####.#####
....h.........
#######[#.####.
.......
..###......


You could see a gnoll sergeant, a bullfrog, a worker ant and 2 gnolls.

Vanquished Creatures
  An ogre (D:4)
  A centaur (D:6)
  A bullfrog (D:8)
  2 hounds
  An orc wizard (D:6)
  A hound zombie (D:5)
  2 gnolls (D:7)
  An adder (D:4)
  An ooze (D:4)
  A dart slug (D:1)
  5 orcs
  2 giant cockroaches (D:3)
  A goblin (D:3)
  A hobgoblin (D:1)
  6 jackals
  A kobold (D:1)
  A quokka (D:6)
  A bat (D:3)
  3 rats
33 creatures vanquished.

Notes
Turn   | Place    | Note
-------+----------+-------------------------------------------
     0 | D:1      | 4thArraOfDagon the Minotaur Monk began the quest for the Orb.
     0 | D:1      | Reached XP level 1. HP: 19/19 MP: 0/0
   216 | D:3      | Reached XP level 2. HP: 27/27 MP: 1/1
   227 | D:3      | Reached skill level 4 in Long Blades
   289 | D:4      | Reached skill level 1 in Armour
   313 | D:4      | Found a burning altar of Makhleb.
   318 | D:4      | Reached XP level 3. HP: 25/33 MP: 2/2
   323 | D:4      | Found Liuts's Jewellery Shoppe.
   413 | D:4      | Noticed an ogre
   421 | D:4      | Killed an ogre
   421 | D:4      | Reached skill level 5 in Long Blades
   421 | D:4      | Reached XP level 4. HP: 41/41 MP: 3/3
   421 | D:4      | Reached XP level 5. HP: 47/47 MP: 4/4
   449 | D:5      | Entered Level 5 of the Dungeon
   505 | D:5      | Noticed Duvessa
   505 | D:5      | Noticed Dowan
   517 | D:6      | Gained mutation: Your body sometimes deteriorates upon taking damage. [potion of mutation]
   517 | D:6      | Gained mutation: Your spells are a little easier to cast, but a little less powerful. [potion of mutation]
   517 | D:6      | Gained mutation: You have supernaturally acute eyesight. (SInv) [potion of mutation]
   565 | D:6      | Found a blossoming altar of Fedhas.
   567 | D:6      | Noticed a centaur
   580 | D:6      | Killed a centaur
   580 | D:6      | Reached XP level 6. HP: 18/55 MP: 5/5
   630 | D:6      | Noticed an orc warrior
   653 | D:7      | Reached skill level 6 in Long Blades
   663 | D:7      | Reached skill level 5 in Fighting
   722 | D:8      | Noticed a wyvern
   741 | D:7      | Quit the game

Vault maps used:
D:1:      lemuel_arrival_river_passageway, minmay_vboxes
D:2:      hex_intersection, uniq_crazy_yiuf_cottage
D:3:      lemuel_crystal_altar, portal_sewer_entry_a
D:4:      makhleb_heckhound_becter, kennysheep_little_box, serial_shops,
          nicolae_shop_window_shopping, first_ration,
          minmay_misc_feat_four_crosses, minmay_bent
D:5:      uniq_duvessa
D:6:      minmay_temple_entry_butterflies, serial_column_ruins,
          column_ruins_circle_small, column_ruins_hut_pillars,
          column_ruins_corridor_dead_end, column_ruins_open_tiny,
          column_ruins_grid_4, fedhas_bush_and_centaur_altar
D:7:      lemuel_coloured_pillars_altar, amethyst_overflow_temple_binary
D:8:      uniq_prince_ribbit1

Skill      XL: |  1  2  3  4  5  6 |
---------------+-------------------+-----
Long Blades    | 4 5 6 |  6.3
Armour         | 1 2 3 |  3.3
Fighting       | 4 5 |  5.1
Dodging        | 4 |  4.6
Stealth        | |  1.5

Action                   |  1- 3 |  4- 6 || total
-------------------------+-------+-------++-------
Melee: Falchion          |    34 |    72 ||   106
       Headbutt          |     8 |    14 ||    22
  Use: Potion            |     2 |     3 ||     5
       Scroll            |       |     3 ||     3
 Stab: Sleeping          |     1 |       ||     1
Armor: Ring mail         |    14 |     2 ||    16
       Chain mail        |       |    46 ||    46
Dodge: Dodged            |    20 |    26 ||    46
Block: Shield            |    32 |    62 ||    94
       Rpst.: Falchion   |     6 |     8 ||    14

Table legend:
 A = Spawn XP
 B = Non-spawn XP
 C = Spawn XP percentage of total XP
 D = Spawn monster count
 E = Non-spawn monster count
 F = Spawn count percentage of total count
 G = Total turns spent on level
                    A         B        C        D         E        F      G
               +---------+---------+-------+---------+---------+-------+---------
         Total |       0 |     564 |   0.0 |       0 |      33 |   0.0 |   741
               +---------+---------+-------+---------+---------+-------+---------
           D:1 |       0 |       9 |   0.0 |       0 |       4 |   0.0 |   184
           D:2 |       0 |       1 |   0.0 |       0 |       1 |   0.0 |    28
           D:3 |       0 |       8 |   0.0 |       0 |       5 |   0.0 |    74
           D:4 |       0 |     182 |   0.0 |       0 |       7 |   0.0 |   163
           D:5 |       0 |      28 |   0.0 |       0 |       3 |   0.0 |    63
           D:6 |       0 |     166 |   0.0 |       0 |       8 |   0.0 |   125
           D:7 |       0 |      74 |   0.0 |       0 |       4 |   0.0 |    75
           D:8 |       0 |      96 |   0.0 |       0 |       1 |   0.0 |    29
               +---------+---------+-------+---------+---------+-------+---------
